 Dungeon Crawl Stone Soup version 0.32-a0-768-g0f6f1dd4b9 (webtiles) character file.

Game seed: 16500445562511349202

20395 greenreed the Eclecticist (level 12, -15/57 (59) HPs)
             Began as a Deep Elf Conjurer on Mar 18, 2024.
             Was an Elder of Vehumet.
             Demolished by a sun demon (16 damage)
             ... summoned by Frances
             ... on level 13 of the Dungeon.
             The game lasted 01:00:51 (15253 turns).

greenreed the Eclecticist (Deep Elf Conjurer)      Turns: 15253, Time: 01:00:52

HP:   -15/57 (59)   AC: 11    Str: 10    XL:     12   Next: 45%
MP:   8/35          EV: 18    Int: 33    God:    Vehumet [****..]
Gold: 468           SH:  0    Dex: 17    Spells: 12/45 levels left

rFire   . . .        F - staff of conjuration
rCold   . . .        (no shield)
rNeg    . . .        J - +4 robe of Augmentation {Str+4 Int+4 Dex+4}
rPois   .            x - +1 helmet
rElec   .            t - +1 cloak
rCorr   .            (no gloves)
SInv    +            P - +0 pair of boots
Will    +....        w - amulet of regeneration
Stlth   +++          c - ring of wizardry
HPRegen 1.09/turn    O - ring of Wuink {Wiz Str+2 SInv Stlth+ Clar}
MPRegen 0.24/turn

%: clarity, wizardry (x2)
@: lightly drained
A: no striking features
a: Renounce Religion


You were on level 13 of the Dungeon.
You worshipped Vehumet.
Vehumet was greatly pleased with you.
You visited 2 branches of the dungeon, and saw 14 of its levels.
You also visited: Ossuary.

You collected 1276 gold pieces.
You spent 808 gold pieces at shops.

Inventory:

Hand Weapons
 M - the +9 trident "Tuitae" {drain, rElec rC+ Will+}
   (You found it on level 10 of the Dungeon)

   rC+:       It protects you from cold.
   rElec:     It insulates you from electricity.
   Will+:     It increases your willpower.
Armour
 t - a +1 cloak (worn)
 x - a +1 helmet (worn)
 J - the +4 robe of Augmentation (worn) {Str+4 Int+4 Dex+4}
   (You found it on level 9 of the Dungeon)

   Str+4:     It affects your strength (+4).
   Int+4:     It affects your intelligence (+4).
   Dex+4:     It affects your dexterity (+4).
 P - a +0 pair of boots (worn)
Magical Staves
 F - a staff of conjuration (weapon)
Jewellery
 a - a +4 ring of protection
 c - a ring of wizardry (left hand)
 w - an amulet of regeneration (around neck)
 I - a ring of fire
 K - an amulet of guardian spirit
 N - a ring of resist corrosion
 O - the ring of Wuink (right hand) {Wiz Str+2 SInv Stlth+ Clar}
   (You bought it in a shop on level 10 of the Dungeon)

   [ring of wizardry]

   Wiz:       It improves your spell success rate.
   Str+2:     It affects your strength (+2).
   SInv:      It lets you see invisible.
   Clar:      It protects you from confusion, rage, mesmerisation and fear.
   Stlth+:    It makes you more stealthy.
Wands
 s - a wand of acid (7)
 A - a wand of flame (29)
 E - a wand of warping (3)
 Q - a wand of paralysis (5)
Scrolls
 d - a scroll of summoning {unknown}
 e - 4 scrolls of noise {unknown}
 g - 13 scrolls of identify {unknown}
 h - 2 scrolls of teleportation {unknown}
 n - 2 scrolls of poison {unknown}
 o - 3 scrolls of fog
 u - 3 scrolls of amnesia
 y - a scroll of blinking {unknown}
 z - 2 scrolls of revelation {unknown}
 C - 2 scrolls of immolation {unknown}
 D - 3 scrolls of enchant armour {unknown}
 G - a scroll of vulnerability {unknown}
 H - a scroll of enchant weapon {unknown}
Potions
 b - 4 potions of magic
 f - 5 potions of enlightenment {unknown}
 i - 10 potions of curing {unknown}
 j - a potion of berserk rage {unknown}
 k - 4 potions of invisibility {unknown}
 l - 5 potions of lignification {unknown}
 m - 2 potions of mutation {unknown}
 p - a potion of cancellation {unknown}
 q - 2 potions of might {unknown}
 r - 2 potions of attraction {unknown}
 v - a potion of haste {unknown}
 B - 3 potions of heal wounds {unknown}
 L - 2 potions of degeneration {unknown}


   Skills:
 + Level 11.5 Dodging
 - Level 2.4 Stealth
 * Level 17.0 Spellcasting
 + Level 11.5 Conjurations
 + Level 10.0 Ice Magic


You had 12 spell levels left.
You knew the following spells:

 Your Spells              Type           Power      Damage    Failure   Level
a - Magic Dart            Conj           100%       1d8       0%          1
b - Searing Ray           Conj           100%       2d8       0%          2
c - Summon Ice Beast      Ice/Summ       57%        N/A       1%          3
d - Hailstorm             Conj/Ice       99%        3d16      1%          3
e - Mercury Vapours       Alch/Air       56%        N/A       1%          2
f - Mephitic Cloud        Conj/Alch/Air  69%        N/A       1%          3
g - Teleport Other        Tloc           28%        N/A       1%          3
h - Iskenderun's Mystic   Conj/Tloc      78%        2d16      1%          4
i - Permafrost Eruption   Ice/Erth       28%        2x4d9     2%          6
j - Dazzling Flash        Conj/Hex       100%       N/A       1%          3
k - Gell's Gravitas       Tloc           28%        N/A       1%          3

Your spell library contained the following spells:

 Spells                   Type           Power      Damage    Failure   Level
 Cigotuvi's Dreadful Rot  Necr/Alch/Air  56%        N/A       1%          2
 Lesser Beckoning         Tloc           56%        N/A       1%          2
 Fulminant Prism          Conj/Alch      39%        3d18      1%          4
 Metabolic Englaciation   Hex/Ice        28%        N/A       1%          5
 Animate Dead             Necr           28%        N/A       4%          4
 Dispel Undead            Necr           28%        3d13      4%          4
 Leda's Liquefaction      Alch/Erth      14%        N/A       4%          4
 Martyr's Knell           Necr/Summ      28%        N/A       4%          4
 Passage of Golubria      Tloc           28%        N/A       4%          4
 Petrify                  Alch/Erth      28%        N/A       4%          4
 Sculpt Simulacrum        Ice/Alch       28%        N/A       7%          6
 Borgnjor's Vile Clutch   Necr/Erth      14%        N/A       11%         5
 Silence                  Hex/Air        14%        N/A       11%         5
 Lehudib's Crystal Spear  Conj/Erth      39%        10d10     43%         8
 Death Channel            Necr           14%        N/A       45%         6


Dungeon Overview and Level Annotations

Branches:
Dungeon (13/15)            Temple (1/1) D:7            Lair (0/5) D:9
    Orc (0/2) D:12        Ossuary (visited)
 Vaults: D:13-14

Altars:
Ashenzari
Cheibriados
Dithmenos
Elyvilon
Fedhas
Gozag
Hepliaklqana
Kikubaaqudgha
Makhleb
Nemelex Xobeh
Okawaru
Qazlal
Ru
Sif Muna
Trog
Uskayaw
Vehumet
Wu Jian
Xom
Yredelemnul
Zin
The Shining One

Shops:
D:10 *

Portals:
Trove: D:11 (give +6 fire dragon scales)

Annotations:
D:13 Frances


Message History

Aiming: Teleport Other (safe; 1% risk of failure)
Press: ? - help, Shift-Dir - straight line, f/p - sun demon
Aim: a sun demon (summoned, chance to affect: 18%)
The sun demon resists with almost no effort.
The sun demon barely misses you.
Frances is engulfed in noxious fumes.
Frances closely misses you.
Your ice beast hits Frances but does no damage.
Casting: Teleport Other (safe; 1% risk of failure)
Confirm with . or Enter, or press ? or * to list all spells.
Aiming: Teleport Other (safe; 1% risk of failure)
Press: ? - help, Shift-Dir - straight line, f/p - sun demon
Aim: a sun demon (summoned, chance to affect: 18%)
The sun demon resists with almost no effort.
The sun demon misses you.
Frances is engulfed in noxious fumes.
Frances misses you.
Your ice beast barely misses Frances.
Unknown command.
Casting: Teleport Other (safe; 1% risk of failure)
Confirm with . or Enter, or press ? or * to list all spells.
Aiming: Teleport Other (safe; 1% risk of failure)
Press: ? - help, Shift-Dir - straight line, f/p - sun demon
Aim: a sun demon (summoned, chance to affect: 18%)
The sun demon resists with almost no effort.
The sun demon hits you!
You are engulfed in flames!
* * * LOW HITPOINT WARNING * * *
Frances is engulfed in noxious fumes.
Frances appears confused.
Frances ponders the situation.
Frances hits your ice beast with a +5 dire flail of draining!!
Your ice beast is killed!
Your ice beast disappears in a puff of smoke!
As you read the scroll labelled RUTUTAREUG, it dissolves into smoke.
It was a scroll of fog.
The sun demon hits you but does no damage.
Frances is engulfed in noxious fumes.
The sun demon closely misses you.
As you read the scroll labelled VOHUASCH KECIB, it crumbles to dust.
It is a scroll of amnesia.
Okay, then.
The sun demon hits you!
* * * LOW HITPOINT WARNING * * *
You are engulfed in flames!
You die...

##+# #.# # ##...##
#.###.###.# #.....##
#.......#.# .......##
#..##.#.#.#
........####.........
........'............
........####...###)##
.......## ##.§###@#
#...>.## #.§3@§§#
##...## ##§#####
###'## #.# (....# #.#
###..# #.# ##..######
#.# ##......... ..#
....#.##### ###
.#...##


You could see Frances (confused) and a sun demon (summoned).

Vanquished Creatures
  Fannar (D:12)
  3 skeletal warriors (D:12)
  Lodul (D:11)
  An ugly thing (D:13)
  2 cyclopes
  2 unseen horrors
  A kobold demonologist (D:11)
  An efreet (D:13)
  5 trolls
  5 slime creatures (D:12)
  A shadow (D:10)
  2 wraiths
  A wyvern (D:7)
  6 yaks
  3 fire elementals (D:12)
  2 steam dragons
  3 water moccasins
  5 orc warriors
  A sky beast (D:7)
  A black bear (D:3)
  Pargi (D:4)
  5 ice beasts
  4 ogres (D:11)
  2 centaurs
  A phantom (D:5)
  3 kobold brigands
  A gnoll sergeant (D:7)
  2 scorpions (D:5)
  6 wights
  3 killer bees
  A bombardier beetle (D:5)
  A gnoll bouda (D:6)
  A hound (D:5)
  7 orc priests
  Ijyb (D:4)
  7 iguanas
  A sleepcap (D:4)
  6 orc wizards
  8 mummies (Ossuary)
  Robin (D:3)
  8 gnolls
  8 adders
  2 ufetubi (D:5)
  5 ribbon worms
  6 dart slugs
  45 orcs
  6 bats
  7 endoplasms
  3 giant cockroaches
  2 gnoll zombies (Ossuary)
  12 hobgoblins
  8 jackals
  4 quokkas
  6 ball pythons
  4 frilled lizards
  10 goblins
  2 hobgoblin zombies (Ossuary)
  16 kobolds
  2 kobold zombies (Ossuary)
  2 orc zombies (Ossuary)
  2 quokka zombies (D:4)
  2 rats (D:1)
271 creatures vanquished.

Vanquished Creatures (collateral kills)
  Azrael (D:12)
  A two-headed ogre (D:10)
  A skeletal warrior (D:12)
  A cyclops (D:11)
  A gargoyle (D:10)
  A kobold demonologist (D:11)
  A troll (D:11)
  3 slime creatures (D:12)
  3 fire elementals (D:12)
  A basilisk (D:11)
  11 yaks
  A steam dragon (D:7)
  2 water moccasins
  A hell hound (D:12)
  An ice beast (D:8)
  2 ogres (D:11)
  3 centaurs
  A kobold brigand (D:11)
  A bullfrog (D:8)
  A wight (D:6)
  4 killer bees
  3 howler monkeys (D:7)
  A jelly (D:6)
  An orc priest (D:8)
  A gnoll bouda (D:8)
  An iguana (D:7)
  2 orc wizards
  A sleepcap (D:8)
  3 gnolls
  A white imp (D:8)
  12 orcs
  5 kobolds
73 creatures vanquished.

Grand Total: 344 creatures vanquished

Notes
Turn   | Place    | Note
-------+----------+-------------------------------------------
     0 | D:1      | greenreed the Deep Elf Conjurer began the quest for the
                  | Orb.
     0 | D:1      | Reached XP level 1. HP: 10/10 MP: 6/6
   206 | D:1      | Reached XP level 2. HP: 15/15 MP: 0/8
   281 | D:1      | Learned a level 2 spell: Searing Ray
   827 | D:1      | Reached XP level 3. HP: 19/19 MP: 8/10
  1050 | D:2      | Found a faded altar of an unknown god.
  1148 | D:2      | Reached skill level 4 in Spellcasting
  1173 | D:2      | You fall into a shaft and drop 2 floors!
  1332 | D:4      | Found a sand-covered staircase.
  1376 | Ossuary  | Entered an ossuary
  1386 | Ossuary  | Reached skill level 5 in Conjurations
  1622 | Ossuary  | Reached XP level 4. HP: 24/24 MP: 2/12
  2081 | Ossuary  | Reached skill level 5 in Spellcasting
  2133 | Ossuary  | Reached XP level 5. HP: 28/28 MP: 9/14
  2324 | D:4      | Noticed Pargi
  2330 | D:4      | Learned a level 3 spell: Summon Ice Beast
  2353 | D:4      | Killed Pargi
  2354 | D:4      | Reached skill level 1 in Ice Magic
  2415 | D:4      | Noticed Ijyb
  2423 | D:4      | Killed Ijyb
  2424 | D:4      | Reached XP level 6. HP: 3/32 MP: 6/16
  2652 | D:4      | Learned a level 3 spell: Hailstorm
  2680 | D:3      | Noticed Robin
  2686 | D:3      | Reached skill level 6 in Spellcasting
  2691 | D:3      | Killed Robin
  4268 | D:3      | Found a glowing golden altar of the Shining One.
  4649 | D:3      | Found a hazy altar of Hepliaklqana.
  5001 | D:4      | Reached XP level 7. HP: 36/36 MP: 17/19
  5140 | D:4      | Reached skill level 7 in Spellcasting
  5586 | D:4      | Found a shimmering blue altar of Sif Muna.
  5649 | D:5      | Entered Level 5 of the Dungeon
  5858 | D:5      | Reached skill level 5 in Dodging
  6307 | D:5      | Reached skill level 8 in Spellcasting
  6361 | D:5      | Reached XP level 8. HP: 29/41 MP: 11/22
  6508 | D:5      | Found a basalt altar of Yredelemnul.
  6702 | D:5      | Reached skill level 9 in Spellcasting
  7596 | D:6      | Reached skill level 10 in Spellcasting
  7740 | D:6      | Found a burning altar of Makhleb.
  7740 | D:6      | Found a glowing silver altar of Zin.
  7741 | D:6      | Noticed an angel
  7741 | D:6      | Noticed a cacodemon
  8019 | D:7      | Reached skill level 5 in Ice Magic
  8019 | D:7      | Reached XP level 9. HP: 45/45 MP: 15/25
  8286 | D:7      | Found a staircase to the Ecumenical Temple.
  8471 | Temple   | Entered the Ecumenical Temple
  8486 | Temple   | Became a worshipper of Vehumet
  8558 | D:7      | Reached skill level 11 in Spellcasting
  8693 | D:7      | Found an ancient bone altar of Kikubaaqudgha.
  8957 | D:7      | Found a blossoming altar of Fedhas.
  9294 | D:8      | Reached * piety under Vehumet
  9294 | D:8      | Offered knowledge of Freeze by Vehumet.
  9344 | D:8      | Reached skill level 12 in Spellcasting
  9850 | D:8      | Offered knowledge of Mercury Vapours by Vehumet.
  9854 | D:8      | Learned a level 2 spell: Mercury Vapours
  9858 | D:8      | Reached XP level 10. HP: 50/50 MP: 23/28
  9898 | D:8      | Reached ** piety under Vehumet
 10302 | D:9      | Found an ornate altar of the Wu Jian Council.
 10320 | D:9      | Found the +4 robe of Augmentation {Str+4 Int+4 Dex+4}
 10321 | D:9      | Found a snail-covered altar of Cheibriados.
 10367 | D:9      | Found a staircase to the Lair.
 10912 | D:9      | Found a stormy altar of Qazlal.
 11117 | D:10     | Entered Level 10 of the Dungeon
 11331 | D:10     | Found Biselit's Clear Minds Boutique.
 11348 | D:10     | Reached skill level 13 in Spellcasting
 11509 | D:10     | Found a broken altar of Ashenzari.
 11518 | D:10     | Identified the +9 trident "Tuitae" {drain, rElec rC+ Will+}
 11552 | D:10     | Offered knowledge of Mephitic Cloud by Vehumet.
 11557 | D:10     | Learned a level 3 spell: Mephitic Cloud
 11700 | D:10     | Noticed a gargoyle
 11706 | D:10     | Killed a gargoyle
 11842 | D:10     | Noticed a two-headed ogre
 11859 | D:10     | Killed a two-headed ogre
 11860 | D:10     | Reached skill level 14 in Spellcasting
 12127 | D:11     | Reached XP level 11. HP: 54/54 MP: 24/31
 12128 | D:11     | Reached *** piety under Vehumet
 12130 | D:11     | Reached skill level 10 in Conjurations
 12433 | D:11     | Noticed Lodul
 12453 | D:11     | Offered knowledge of Frozen Ramparts by Vehumet.
 12458 | D:11     | Killed Lodul
 12459 | D:11     | Reached skill level 10 in Dodging
 12459 | D:11     | Reached skill level 15 in Spellcasting
 12850 | D:11     | Found a portal to a secret trove of treasure.
 13163 | D:10     | Bought the ring of Wuink {Wiz Str+2 SInv Stlth+ Clar} for
                  | 808 gold pieces
 13331 | D:12     | Noticed Azrael
 13348 | D:12     | Killed Azrael
 13349 | D:12     | Reached skill level 16 in Spellcasting
 13394 | D:12     | Noticed Fannar
 13530 | D:11     | Learned a level 3 spell: Teleport Other
 13535 | D:11     | Learned a level 4 spell: Iskenderun's Mystic Blast
 13662 | D:12     | Reached XP level 12. HP: 59/59 MP: 23/34
 13796 | D:12     | Learned a level 6 spell: Permafrost Eruption
 13915 | D:12     | Reached **** piety under Vehumet
 14032 | D:12     | Found a staircase to the Orcish Mines.
 14036 | D:12     | Offered knowledge of Dazzling Flash by Vehumet.
 14258 | D:12     | Killed Fannar
 14396 | D:12     | Learned a level 3 spell: Dazzling Flash
 14427 | D:12     | Found a white marble altar of Elyvilon.
 14865 | D:12     | Learned a level 3 spell: Gell's Gravitas
 15231 | D:13     | Noticed Frances
 15236 | D:13     | Reached skill level 17 in Spellcasting
 15236 | D:13     | Reached skill level 10 in Ice Magic
 15253 | D:13     | HP: 1/57 [sun demon[Frances] (13)]
 15253 | D:13     | Demolished by a sun demon

Illustrated notes

Levels and vault maps discovered:
D:1:      denvon_arrival_planthouse, layout_loops_cross
D:2:      layout_basic, nicolae_ecumenical_lake_church,
          nicolae_kite_square_tiling_tiny
D:3:      layout_loops_corners, overflow_temple_1_default,
          mainiacjoe_overflow_surrounded_room, uniq_robin
D:4:      layout_gridville, mainiacjoe_overflow_alcove_2, enter_ossuary_4,
          minmay_between, uniq_pargi, uniq_ijyb
D:5:      layout_loops_cross, lemuel_tele_altar
D:6:      layout_rooms, grunt_temple_overflow_order_and_chaos_2
D:7:      layout_rooms, fedhas_altar_decomposition, lemuel_round_altar,
          temple_pool_b
D:8:      layout_loops_ring
D:9:      layout_small_grid, mainiacjoe_overflow_catwalk,
          nicolae_qazlal_general_emergency, kennysheep_slug_shrine,
          dpeg_oklobed_lair, serial_library_hellmonk_reading_circle
D:10:     layout_irregular_city, evilmike_ruin_ashenzari,
          nicolae_clarity_for_sale
D:11:     layout_basic, nicolae_trove_entry_free_sample, uniq_lodul
D:12:     layout_basic, hiddenorc2_lemuel, nicolae_elyvilon_temple_path,
          uniq_azrael, uniq_fannar
D:13:     layout_loops_corners, uniq_frances
Temple:   eino_wide_crystal_templ

Skill      XL: |  1  2  3  4  5  6  7  8  9 10 11 12 |
---------------+-------------------------------------+-----
Spellcasting   | 4 5 6 8 10 12 14 16 17 | 17.0
Conjurations   | 5 6 7 8 9 11 | 11.5
Dodging        | 3 4 5 6 8 9 10 11 | 11.5
Ice Magic      | 1 2 3 5 6 7 9 10 | 10.0
Stealth        | |  2.4

Action                     |  1- 3 |  4- 6 |  7- 9 | 10-12 || total
---------------------------+-------+-------+-------+-------++-------
  Melee: Unarmed           |     4 |       |       |       ||     4
         Dagger            |     1 |       |     1 |       ||     2
         Staff             |       |       |     3 |    13 ||    16
   Cast: Magic Dart        |    83 |    98 |   182 |    58 ||   421
         Searing Ray       |     2 |    19 |    26 |    17 ||    64
         Summon Ice Beast  |       |     1 |    26 |    63 ||    90
         Hailstorm         |       |     5 |    40 |    83 ||   128
         Mercury Vapours   |       |       |       |     6 ||     6
         Mephitic Cloud    |       |       |       |    26 ||    26
         Teleport Other    |       |       |       |     4 ||     4
         Permafrost Erupti |       |       |       |     4 ||     4
  Evoke: Wand              |       |       |       |     1 ||     1
    Use: Scroll            |       |       |       |     2 ||     2
   Stab: Confused          |       |       |       |     1 ||     1
 Armour: Robe              |     3 |    17 |    15 |    83 ||   118
         Steam dragon scal |       |       |    16 |     1 ||    17
  Dodge: Dodged            |     5 |    14 |    24 |   133 ||   176

Table legend: (Time is in decaauts)
 A = Elapsed time spent in this place.
 B = Non-inter-level travel time spent in this place.
 C = Inter-level travel time spent in this place.
 D = Time resting spent in this place.
 E = Time spent auto-exploring this place.
 F = Levels seen in this place.
 G = Mean time per level.
                   A        B        C        D        E       F      G
               +--------+--------+--------+--------+--------+-----+--------+
         Total |  15258 |  14763 |    495 |   1903 |  10376 |  15 | 1017.2 |
       Dungeon |  14364 |  13897 |    467 |   1459 |  10150 |  13 | 1104.9 |
        Temple |     30 |      2 |     28 |      0 |      0 |   1 |   30.0 |
       Ossuary |    863 |    863 |      0 |    444 |    226 |   1 |  863.0 |
               +--------+--------+--------+--------+--------+-----+--------+

Top non-repeatable levels by time:
    D:12: 1844 daAuts
     D:5: 1544 daAuts
     D:4: 1477 daAuts
     D:3: 1233 daAuts
     D:8: 1196 daAuts
    D:11: 1146 daAuts
     D:7: 1089 daAuts
     D:2: 1043 daAuts
     D:1: 1032 daAuts
    D:10: 1024 daAuts
 Ossuary: 863 daAuts
     D:9: 835 daAuts
     D:6: 773 daAuts
    D:13: 123 daAuts
  Temple: 30 daAuts
